 Dungeon Crawl Stone Soup version 0.26.1-11-gd32895ea62 (webtiles) character file.

Game seed: 17152774163819142769

92 Descartes the Sneak (level 4, 0/19 HPs)
             Began as a Felid Warper on Apr 17, 2021.
             Succumbed to an adder's poison
             ... on level 3 of the Dungeon.
             The game lasted 00:05:12 (3099 turns).

Descartes the Sneak (Felid Warper)                  Turns: 3099, Time: 00:05:12

Health: 0/19       AC:  1    Str:  5 (8)  XL:     4   Next: 35%
Magic:  8/8        EV: 18    Int: 14      God:
Gold:   43         SH:  0    Dex: 14 (15) Spells: 7/7 levels left
                                        Lives:  0   Deaths: 1

rFire    . . .     SeeInvis +     - Unarmed
rCold    . . .     Faith    .   (shield unavailable)
rNeg     . . .     Spirit   .   (armour unavailable)
rPois    .         Reflect  .   (helmet unavailable)
rElec    .         Harm     .   (cloak unavailable)
rCorr    .         Rampage  .   (gloves unavailable)
Will     .....                  (boots unavailable)
Stlth    ++++......             (no amulet)
HPRegen  0.06/turn              (no ring)
MPRegen  0.11/turn              (no ring)

@: brilliant, lethally poisoned (0 -> -3), berserk cooldown, hasted and slowed,
quick
A: very small, no armour, no weapons or thrown items, stealth, claws 1, fangs 3,
see invisible, speed 1, shaggy fur 1, sharp paws
a: no special abilities


You were on level 3 of the Dungeon.
You visited 1 branch of the dungeon, and saw 3 of its levels.

You collected 43 gold pieces.

Inventory:

Wands
 j - a wand of acid (10)
Scrolls
 b - a scroll of blinking
 c - a scroll of enchant weapon


   Skills:
 - Level 2.0 Fighting
 - Level 3.2 Dodging
 + Level 6.7 Stealth
 - Level 2.0 Unarmed Combat
 - Level 2.0 Spellcasting
 - Level 4.4 Translocations


You had 7 spell levels left.
You didn't know any spells.
Your spell library contained the following spells:

 Spells                   Type           Power        Failure   Level
 Blink                    Tloc           N/A          6%          2
 Gell's Gravitas          Tloc           10%          12%         3
 Lesser Beckoning         Tloc           10%          12%         3
 Teleport Other           Tloc           20%          12%         3
 Passage of Golubria      Tloc           N/A          36%         4


Dungeon Overview and Level Annotations

Branches:
Dungeon (3/15)

Altars:
Trog
Xom


Innate Abilities, Weirdness & Mutations

You cannot wear armour.
You are incapable of wielding weapons or throwing items.
Your paws allow you to move quietly. (Stealth)
You have sharp claws.
You have razor-sharp teeth.
You have supernaturally acute eyesight. (SInv)
You cover ground quickly.
You are covered in fur. (AC +1)
Your sharp claws are effective at attacking unaware monsters.


Message History

The worker ant is severely wounded.
You scratch the worker ant. Your claw misses the worker ant.
The worker ant is almost dead.
The worker ant bites you but does no damage.
You scratch the worker ant.
You kill the worker ant!
* * * LOW HITPOINT WARNING * * *
You feel sick.
You feel your intelligence returning.
Welcome back to level 4!
You claw the orc!
You kill the orc!
Things that are here:
a +0 flail; a worker ant corpse You are too berserk!
You feel a strong urge to attack something.
You are no longer berserk.
You are exhausted.
You feel yourself slow down.
You die...

#.##...###.#.#
#.##...<...#.#
#.##....##.#)#
#.##.....#.#)#######
#.###..###.#)#......
#.....>[............
############.#......
...$.....##########
#####...@.....#<..#
#.....###.#.###
#.....# #.# #.....#
#.# ....#!.# #.#
######..# #.+ #..#
..# #..# #.#


There were no monsters in sight!

Vanquished Creatures
  A worker ant (D:3)
  4 adders
  An ufetubus (D:3)
  An ooze (D:1)
  2 worms
  A dart slug (D:1)
  3 orcs (D:3)
  3 bats (D:1)
  3 giant cockroaches
  5 goblins
  9 hobgoblins
  5 jackals
  2 kobolds (D:1)
  A quokka (D:2)
  A ball python (D:1)
  6 frilled lizards
  4 rats
52 creatures vanquished.

Notes
Turn   | Place    | Note
-------+----------+-------------------------------------------
     0 | D:1      | Descartes the Felid Warper began the quest for the Orb.
     0 | D:1      | Reached XP level 1. HP: 9/9 MP: 4/4
    36 | D:1      | Reached skill level 1 in Stealth
   172 | D:1      | Reached skill level 2 in Stealth
   199 | D:1      | Reached XP level 2. HP: 10/13 MP: 6/6
   289 | D:1      | Reached skill level 3 in Stealth
   774 | D:1      | Reached skill level 4 in Stealth
   780 | D:1      | Reached XP level 3. HP: 4/16 MP: 7/7
  1403 | D:2      | Found a bloodstained altar of Trog.
  1674 | D:2      | Reached skill level 5 in Stealth
  2342 | D:2      | Found a shimmering altar of Xom.
  2899 | D:3      | Reached XP level 4. HP: 9/19 MP: 8/8
  2947 | D:3      | Succumbed to an adder's poison
  2948 | D:3      | Reached XP level 3. HP: 0/16 MP: 7/7
  3067 | D:3      | Reached skill level 6 in Stealth
  3087 | D:3      | HP: 1/24 [poisoned by an adder]
  3093 | D:3      | HP: 1/24 [poisoned by an adder]
  3094 | D:3      | Reached XP level 4. HP: 1/19 MP: 8/8
  3099 | D:3      | Succumbed to an adder's poison

Illustrated notes

Levels and vault maps discovered:
D:1:      shiori_arrival_oz, layout_loops_ring
D:2:      layout_loops_ring, marbit_many_paths, bloody_trog,
          lightli_corner_chamber
D:3:      layout_basic, gup_sewer_entry_bubbles

Skill      XL: |  1  2  3 |
---------------+----------+-----
Stealth        | 2 4 6 |  6.7
Fighting       | |  2.0
Dodging        | |  3.2
Unarmed Combat | |  2.0
Spellcasting   | |  2.0
Translocations | |  4.4

Action                   |  1- 3 |  4- 6 || total
-------------------------+-------+-------++-------
Melee: Unarmed           |   189 |    14 ||   203
       Bite              |    15 |     1 ||    16
       Punch             |     2 |       ||     2
  Use: Potion            |     7 |     1 ||     8
       Scroll            |     5 |     1 ||     6
 Stab: Sleeping          |    16 |       ||    16
Armor: Skin              |     9 |     1 ||    10
Dodge: Dodged            |   124 |    31 ||   155
